 Dungeon Crawl Stone Soup version 0.31.0-11-ge490571c62 (webtiles) character file.

Game seed: 2422933520190612299

224 qw the Skirmisher (level 5, 0/30 HPs)
             Began as a Deep Elf Hunter on Feb 4, 2024.
             Slain by an orc
             ... wielding a +0 club
              (5 damage)
             ... on level 4 of the Dungeon.
             The game lasted 00:00:09 (2446 turns).

qw the Skirmisher (Deep Elf Hunter)                 Turns: 2446, Time: 00:00:09

Health: 0/30       AC:  5    Str: 10    XL:     5   Next: 67%
Magic:  7/7        EV: 11    Int: 14    God:
Gold:   149        SH:  0    Dex: 18    Spells: 4/4 levels left

rFire   . . .        a - +0 shortbow
rCold   + . .        (shield currently unavailable)
rNeg    . . .        m - +0 ring mail
rPois   .            (no helmet)
rElec   .            (no cloak)
rCorr   .            (no gloves)
SInv    .            (no boots)
Will    .....        l - amulet of faith
Stlth   +            k - ring of protection from cold
HPRegen 0.25/turn    (no ring)
MPRegen 0.10/turn

%: faith
@: no status effects
A: no striking features
a: no special abilities


You were on level 4 of the Dungeon.
You visited 1 branch of the dungeon, and saw 4 of its levels.

You collected 149 gold pieces.


   Skills:
 - Level 2.0 Fighting
 + Level 9.0 Ranged Weapons
 - Level 2.4 Dodging
 - Level 1.2 Stealth


You had 4 spell levels left.
You didn't know any spells.
Your spell library was empty.

Inventory:

Hand Weapons
 a - a +0 shortbow (weapon)
Armour
 m - a +0 ring mail (worn)
Jewellery
 k - a ring of protection from cold (left hand)
 l - an amulet of faith (around neck)
Wands
 c - a wand of iceblast (9)
Scrolls
 h - a scroll of fog {unknown}
Potions
 b - a potion of mutation {unknown}
 d - a potion of resistance {unknown}
 e - a potion of magic {unknown}
 g - a potion of enlightenment
 i - 2 potions of curing

Dungeon Overview and Level Annotations

Branches:
Dungeon (4/15)
 Temple: D:4-7

Altars:
Fedhas
Vehumet


Message History

The sleepcap barely misses you.
You shoot an arrow. The arrow hits the sleepcap.
The sleepcap is severely damaged.
The orc hits you but does no damage. The orc hits you with a +0 club.
The endoplasm closely misses you. The orc hits you with a +0 club.
The sleepcap completely misses you.
You shoot an arrow. The arrow hits the sleepcap.
The sleepcap is almost destroyed.
The orc hits you but does no damage. The orc closely misses you.
The endoplasm hits you but does no damage.
The orc hits you but does no damage. The sleepcap closely misses you.
You shoot an arrow. The arrow hits the sleepcap.
You destroy the sleepcap!
The orc hits you with a +0 club. x2; The endoplasm hits you.
The orc hits you with a +0 hand axe.
Your Fighting skill increases to level 2!
You shoot an arrow.
The arrow hits the orc but does no damage.
The orc is moderately wounded.
The orc barely misses you. The orc hits you but does no damage.
The endoplasm barely misses you. The orc hits you with a +0 hand axe.
You shoot an arrow.
The arrow hits the orc but does no damage.
The orc is moderately wounded.
The orc closely misses you. The orc hits you with a +0 club.
The endoplasm freezes you.
You are frozen.
You resist. The orc completely misses you. The orc closely misses you.
The orc barely misses you.
The endoplasm hits you but does no damage.
The orc closely misses you.
You shoot an arrow. The arrow barely misses the orc.
The arrow barely misses the hound.
The orc hits you with a +0 hand axe. The orc barely misses you.
The orc closely misses you. The endoplasm freezes you.
You are frozen.
You resist.
You shoot an arrow. The arrow barely misses the orc.
The arrow hits the hound but does no damage.
The orc hits you with a +0 club.
You die...

......... .........
#........ #####...)....
# #............
..#....h.....?.
#.....Joo......
#...o@########
#............########
.......................
>.##..#######...###....
#....##########.....#
...........<........#
#.#################.#
.. #


You could see a hound, 3 orcs and an endoplasm.

Vanquished Creatures
  2 orc priests (D:3)
  A hound (D:4)
  A sleepcap (D:4)
  5 adders
  A dart slug (D:2)
  A ribbon worm (D:2)
  3 orcs (D:3)
  6 endoplasms
  2 giant cockroaches
  9 goblins
  7 hobgoblins
  2 kobolds (D:3)
  A quokka (D:1)
  4 ball pythons
  5 bats
  5 frilled lizards
  2 rats
57 creatures vanquished.

Notes
Turn   | Place    | Note
-------+----------+-------------------------------------------
     0 | D:1      | qw the Deep Elf Hunter began the quest for the Orb.
     0 | D:1      | Reached XP level 1. HP: 12/12 MP: 3/3
     0 | D:1      | 0 ||| qw: Version: 0.3-a-160-g6735b56
     0 | D:1      | 0 ||| qw: Game counter: 5529
     0 | D:1      | 0 ||| qw: Melee chars always use a shield: true
     0 | D:1      | 0 ||| qw: God list: Okawaru
     0 | D:1      | 0 ||| qw: Allow faded altars: false
     0 | D:1      | 0 ||| qw: Do Orc after clearing Dungeon:15 true
     0 | D:1      | 0 ||| qw: Do second Lair branch before Depths: true
     0 | D:1      | 0 ||| qw: Lair rune preference: random
     0 | D:1      | 0 ||| qw: Goals: Normal
     0 | D:1      | 0 ||| PLANNING D:1-11
   396 | D:1      | Reached skill level 6 in Ranged Weapons
   396 | D:1      | Reached XP level 2. HP: 16/16 MP: 4/4
   771 | D:1      | 771 ||| UPGRADING to ring of protection from cold.
   772 | D:1      | 772 ||| READING 2 scrolls labelled GOTWOU ORGHUHY.
   772 | D:1      | 772 ||| IDENTIFYING amethyst potion
   773 | D:1      | 773 ||| READING scroll of identify.
   773 | D:1      | 773 ||| IDENTIFYING 2 bubbling pink potions
   774 | D:1      | 774 ||| READING scroll labelled JOMEDW JOOQA.
   806 | D:1      | 806 ||| READING scroll labelled ZEPHUON TUYZ.
   907 | D:1      | 907 ||| READING scroll labelled SEFODO QOPPY.
   908 | D:1      | 908 ||| DRINKING 2 golden potions.
   909 | D:1      | 909 ||| DROPPING scroll of butterflies.
   956 | D:2      | Reached XP level 3. HP: 7/20 MP: 5/5
  1126 | D:2      | Reached skill level 7 in Ranged Weapons
  1229 | D:2      | Found a faded altar of an unknown god.
  1599 | D:2      | Reached XP level 4. HP: 25/25 MP: 6/6
  1600 | D:2      | 1600 ||| UPGRADING to +0 scale mail.
  1610 | D:2      | 1610 ||| DROPPING +0 leather armour.
  1611 | D:2      | 1611 ||| UPGRADING to +0 ring mail.
  1621 | D:2      | 1621 ||| DROPPING +0 scale mail.
  1622 | D:2      | 1622 ||| UPGRADING to amulet of faith.
  1627 | D:2      | 1627 ||| READING scroll labelled BELIADU XOOMOI.
  1628 | D:2      | 1628 ||| READING scroll labelled CUSIF CAGHOIHA.
  1629 | D:2      | 1629 ||| READING scroll labelled QIAFET OMUNKU.
  1656 | D:3      | Found a radiant altar of Vehumet.
  1690 | D:3      | Found a blossoming altar of Fedhas.
  1992 | D:3      | Reached skill level 8 in Ranged Weapons
  1994 | D:3      | 1994 ||| RETREEEEATING.
  2007 | D:3      | Reached XP level 5. HP: 13/29 MP: 7/7
  2426 | D:4      | HP: 6/29 [frozen (2)]
  2427 | D:4      | Reached skill level 9 in Ranged Weapons
  2427 | D:4      | 2427 ||| DRINKING 2 potions of heal wounds.
  2438 | D:4      | HP: 6/29 [sleepcap (4)]
  2439 | D:4      | 2439 ||| DRINKING potion of heal wounds.
  2444 | D:4      | HP: 7/30 [frozen (2)]
  2446 | D:4      | Slain by an orc

Levels and vault maps discovered:
D:1:      mrwooster_arrival_statue_2, layout_loops_corners
D:2:      layout_basic, ebering_ecumenical_altar_mist
D:3:      layout_basic, mainiacjoe_overflow_boulevard,
          mainiacjoe_overflow_cross_hatched
D:4:      layout_rooms, grunt_temple_overflow_order_and_chaos_1, serial_shops,
          shop, uniq_eustachio

Skill      XL: |  1  2  3  4  5 |
---------------+----------------+-----
Ranged Weapons | 6 7 8 9 |  9.0
Fighting       | 2 |  2.0
Dodging        | |  2.4
Stealth        | |  1.2

Action                     |  1- 3 |  4- 6 || total
---------------------------+-------+-------++-------
   Fire: Shortbow          |   123 |    76 ||   199
    Use: Scroll            |     5 |     3 ||     8
         Potion            |     1 |     2 ||     3
 Armour: Leather armour    |    19 |       ||    19
         Ring mail         |       |    55 ||    55
  Dodge: Dodged            |    20 |    63 ||    83

Table legend:
 A = Non-vault XP
 B = Vault XP
 C = Vault XP percentage of total XP
 D = Non-vault monster count
 E = Vault monster count
 F = Vault count percentage of total count
                 A         B        C        D         E       F
            +---------+---------+-------+---------+---------+-------
      Total |     320 |       0 |   0.0 |      57 |       0 |   0.0
            +---------+---------+-------+---------+---------+-------
        D:1 |      28 |       0 |   0.0 |      16 |       0 |   0.0
        D:2 |      77 |       0 |   0.0 |      22 |       0 |   0.0
        D:3 |     132 |       0 |   0.0 |      15 |       0 |   0.0
        D:4 |      83 |       0 |   0.0 |       4 |       0 |   0.0
            +---------+---------+-------+---------+---------+-------
